 Dungeon Crawl Stone Soup version 0.15-a0-2352-g26abbdd (webtiles) character file.

1373 MrRokkomies the Skirmisher (level 8, -3/73 HPs)
             Began as a Minotaur Artificer on July 31, 2014.
             Was a Believer of Trog.
             Slain by an ogre
             ... wielding a +0 giant spiked club
              (25 damage)
             ... on Level 6 of the Dungeon.
             The game lasted 00:17:42 (6226 turns).

MrRokkomies the Skirmisher (Minotaur Artificer)     Turns: 6226, Time: 00:17:43

HP  -3/73        AC  9     Str 18      XL: 8   Next: 39%
MP  11/11        EV  7     Int  9      God: Trog [**....]
Gold 352         SH  0     Dex 11      Spells:  0 memorised,  7 levels left

rFire  . . .     SeeInvis .     a - +5 flail (drain)
rCold  . . .     Clarity  +     w - +0 chain mail
rNeg   . . .     rCorr    .     (no shield)
rPois  .         rRot     .     (helmet restricted)
rElec  .         Spirit   .     (no cloak)
SustAb .         Warding  .     (no gloves)
rMut   .         Stasis   .     (no boots)
Gourm  .                        m - amulet of clarity
MR     .....                    (no ring)
                                (no ring)

@: not resistant to hostile enchantments, extremely unstealthy
A: retaliatory headbutt, horns 2
a: Burn Spellbooks, Berserk, Trog's Hand, Renounce Religion


You were on level 6 of the Dungeon.
You worshipped Trog.
Trog was pleased with you.
You were not hungry.

You visited 2 branches of the dungeon, and saw 7 of its levels.

You collected 352 gold pieces.

Inventory:

Hand weapons
 a - a +5 flail of draining (weapon)
 g - a +1 shortbow of flaming
Missiles
 o - 6 poisoned needles
 r - 40 arrows
Armour
 w - a +0 chain mail (worn)
Magical devices
 b - a wand of flame (12)
 c - a wand of enslavement (8)
 d - a wand of random effects (8)
Comestibles
 f - 3 bread rations
 k - 2 meat rations
 l - 3 chunks of orc flesh
 s - a slice of pizza
 x - 2 royal jellies
Scrolls
 j - a scroll of magic mapping
 n - 2 scrolls of teleportation
 t - 2 scrolls of recharging
Jewellery
 h - an uncursed ring of teleportation
 m - an amulet of clarity (around neck)
 q - an uncursed ring of ice
Potions
 e - 2 potions of magic
 i - a potion of restore abilities
 p - 2 potions of curing
 u - 3 potions of lignification {unknown}


   Skills:
 - Level 7.0 Fighting
   Level 1.1 Short Blades
 * Level 5.0 Maces & Flails
 * Level 5.2 Armour
 - Level 2.1 Dodging
 - Level 0.7 Stealth
 - Level 6.2 Evocations


You had 7 spell levels left.
You didn't know any spells.

Dungeon Overview and Level Annotations

Branches:
Dungeon (6/15)             Temple (1/1) D:4

Altars:
Cheibriados
Dithmenos
Elyvilon
Fedhas
Gozag
Kikubaaqudgha
Nemelex Xobeh
Okawaru
Qazlal
Trog
Vehumet
Xom
Yredelemnul
The Shining One

Shops:
D:5 *


Innate Abilities, Weirdness & Mutations

You reflexively headbutt those who attack you in melee.
You have a pair of horns on your head.


Message History

Zapping:
c - a wand of enslavement (11)
Press: ? - help, Shift-Dir - straight line, f/p - orc warrior
Aim: an orc warrior, wielding a mace and wearing a plate armour The orc warrior resists with significant effort.
This wand has 10 charges left.
The orc warrior hits you but does no damage.
Evoke which item? (* to show all) (? for menu, Esc to quit)
Zapping:
c - a wand of enslavement (10)
Press: ? - help, Shift-Dir - straight line, f/p - orc warrior
Aim: an orc warrior, wielding a mace and wearing a plate armour The orc warrior resists with significant effort.
This wand has 9 charges left.
The ogre hits you with a giant spiked club.
Evoke which item? (* to show all) (? for menu, Esc to quit)
Zapping:
c - a wand of enslavement (9)
Press: ? - help, Shift-Dir - straight line, f/p - orc warrior
Aim: an orc warrior, wielding a mace and wearing a plate armour The orc warrior is charmed.
This wand has 8 charges left.
The ogre hits you with a giant spiked club!!
You die...

####################.............
##..............
##########...............
#....))(.....(........... ##
#..#####)................ .#
##'## #####.............
.#▓▓▓▓▓▓▓...▓▓▓▓▓▓▓#.............
.#▓⌠.[.⌠▓...▓⌠.o.⌠▓#.............
.#▓.....▓...▓..O@.▓#.............
.#▓..)..▓...▓.....▓#.............
##▓.....▓._.▓.....▓##............
.#▓⌠.©.⌠▓§.§▓⌠.©.⌠▓ ...........
.# ▓▓▓▓▓▓###▓▓▓▓▓▓▓ .........#
.#### #.......## ....# #.....##
##.## ####. #.# #.


You could see an ogre and a friendly orc warrior.

Vanquished Creatures
  Edmund (D:5)
  A black bear (D:6)
  2 ogres
  2 ice beasts (D:6)
  A big kobold (D:6)
  2 centaurs
  A crimson imp (D:5)
  A goliath beetle (D:6)
  The ghost of Charly the Chopper, a weakling VSBe of Trog (D:3)
  A hound (D:4)
  A jelly (D:6)
  A giant frog zombie (D:6)
  2 orc priests (D:5)
  An iguana (D:5)
  3 orc wizards (D:5)
  3 worker ants
  A gnoll (D:4)
  A giant mite (D:6)
  4 adders
  2 worms
  4 giant geckos
  17 orcs
  5 giant cockroaches
  12 hobgoblins
  2 jackals (D:4)
  12 kobolds
  3 quokkas
  A ball python (D:3)
  13 bats
  3 giant newts
  5 goblins
  A hobgoblin skeleton (D:4)
  A hobgoblin zombie (D:5)
  17 rats
128 creatures vanquished.

Vanquished Creatures (collateral kills)
  An ogre (D:3)
  4 orcs
  A goblin (D:3)
  A bat (D:3)
  A giant newt (D:3)
8 creatures vanquished.

Grand Total: 136 creatures vanquished

Notes
Turn   | Place    | Note
--------------------------------------------------------------
     0 | D:1      | MrRokkomies, the Minotaur Artificer, began the quest for the Orb.
     0 | D:1      | Reached XP level 1. HP: 16/16 MP: 1/1
   317 | D:1      | Reached skill level 3 in Evocations
   433 | D:1      | Reached XP level 2. HP: 20/23 MP: 2/2
  1164 | D:2      | Reached XP level 3. HP: 28/30 MP: 3/3
  1848 | D:2      | Found a white marble altar of Elyvilon.
  2064 | D:3      | Noticed an ogre
  2078 | D:3      | Killed an ogre
  2078 | D:3      | Reached skill level 4 in Evocations
  2078 | D:3      | Reached XP level 4. HP: 36/38 MP: 3/4
  2138 | D:3      | Reached XP level 5. HP: 40/46 MP: 5/5
  2525 | D:3      | Noticed Charly's ghost (weakling VSBe)
  2534 | D:3      | Killed Charly's ghost
  2803 | D:4      | Found a staircase to the Ecumenical Temple.
  2812 | Temple   | Entered the Ecumenical Temple
  2973 | Temple   | Became a worshipper of Trog the Wrathful
  3110 | D:4      | Got a transparent mace
  3111 | D:4      | Identified the cursed -2 mace of Lies {pain, rF+ MR+ Int-4 Stlth+} (You found it on level 4 of the Dungeon)
  3271 | D:4      | Reached skill level 5 in Evocations
  3532 | D:4      | Reached skill level 5 in Fighting
  3532 | D:4      | Reached XP level 6. HP: 16/56 MP: 8/8
  3721 | D:4      | Noticed an ogre
  3739 | D:4      | Killed an ogre
  4299 | D:5      | Entered Level 5 of the Dungeon
  4469 | D:5      | Acquired Trog's first power
  4483 | D:5      | Reached skill level 6 in Fighting
  4535 | D:5      | Reached XP level 7. HP: 50/63 MP: 8/10
  5233 | D:5      | Noticed Edmund
  5257 | D:5      | Killed Edmund
  5257 | D:5      | Reached skill level 7 in Fighting
  5257 | D:5      | Reached skill level 1 in Armour
  5364 | D:5      | Found Gozag's Nutrition Petition.
  5364 | D:5      | Found an opulent altar of Gozag.
  5636 | D:6      | Acquired Trog's second power
  5664 | D:6      | Reached skill level 1 in Maces & Flails
  5726 | D:6      | Reached XP level 8. HP: 51/73 MP: 11/11
  6073 | D:6      | Found a sparkling altar of Nemelex Xobeh.
  6074 | D:6      | Found an opulent altar of Gozag.
  6087 | D:6      | Reached skill level 5 in Armour
  6187 | D:6      | Reached skill level 5 in Maces & Flails
  6212 | D:6      | Found a sparkling altar of Nemelex Xobeh.
  6226 | D:6      | Slain by an ogre

Action                   |  1- 3 |  4- 6 |  7- 9 || total
-------------------------+-------+-------+-------++-------
Melee: Spear             |   127 |       |       ||   127
       Mace              |       |   134 |    42 ||   176
       Flail             |       |       |    64 ||    64
Invok: Burn Spellbooks   |       |     1 |       ||     1
       Berserk           |       |       |     1 ||     1
Evoke: Wand              |     1 |    13 |    12 ||    26
  Use: Scroll            |    10 |     3 |     4 ||    17
       Potion            |       |     1 |       ||     1
 Stab: Sleeping          |     1 |     1 |       ||     2
  Eat: Chunk             |     3 |     9 |     5 ||    17
       Beef jerky        |       |       |     1 ||     1
